Cogmind - Beta 15 @@@ ROGUE MODE // 2025.07.23 @ 14:05:31 Player: Infomantis Result: Destroyed by as-91644 with Assembled Rifle Performance ------------- Evolutions (0) 0 Regions Visited (3) 600 Robots Destroyed (39) 195 Value Destroyed (586) 586 Prototype IDs (0) 0 Alien Tech Used (0) 0 Bonus (53) 53 TOTAL SCORE: 1434 Bonus ------- Follower Combat Kills 109 Friendly Fire -56 Cogmind --------- Core Integrity 0/250 Matter 214/300 Energy 250/250 System Corruption 0% Temperature Cool (10) Movement Walking (190) Ox1 Location -10/Exiles Parts ------- > --- POWER (1) -------- Ion Engine > --- PROPULSION (2) --- Aluminum Leg Aluminum Leg > --- UTILITY (2) ------ Large Storage Unit Seismic Detector > --- WEAPON (2) ------- Light Assault Rifle Mini Grenade Launcher > --- INVENTORY (15) --- Ion Engine Wheel Wheel Improved Heat Sink High-capacity Matter Pod (200) Weight Redist. System Hacking Suite Particle Cannon Particle Cannon Light Assault Rifle Rocket Launcher Datajack Mining Laser Peak State ------------ > --- POWER ------------ Ion Engine > --- PROPULSION ------- Light Treads Light Treads > --- UTILITY ---------- Large Storage Unit Seismic Detector > --- WEAPON ----------- Particle Cannon Mini Grenade Launcher > --- INVENTORY -------- Ion Engine Ion Engine Light Treads Improved Heat Sink High-capacity Matter Pod Weight Redist. System Improved Terrain Scanner Seismic Detector Hacking Suite Particle Cannon Assault Rifle Light Assault Rifle Mini Grenade Launcher Datajack Mining Laser [Rating: 11] Favorites ----------- Power Ion Engine Engine Ion Engine Propulsion Light Treads Treads Light Treads Leg Aluminum Leg Wheel Wheel Utility Seismic Detector Device Seismic Detector Storage Large Storage Unit Protection Light Armor Plating Weapon Assault Rifle Energy Gun Small Laser Energy Cannon Particle Cannon Ballistic Gun Assault Rifle Launcher Mini Grenade Launcher Build | -11 -10 -10 -10 ------- Run | Yrd Mat Min Exi Slots Evolved . | . . . . Power . | . . . . Propulsion . | . . . . Utility . | . . . . Weapon . | . . . . Parts Attached 28 | 8 9 9 2 Power 4 | 1 1 2 . Engine 4 | 1 1 2 . Core . | . . . . Reactor . | . . . . Propulsion 7 | 2 2 1 2 Treads 4 | 2 2 . . Leg 2 | . . . 2 Wheel 1 | . . 1 . Hover . | . . . . Flight . | . . . . Utility 9 | 2 4 3 . Device 4 | 1 1 2 . Storage 4 | 1 3 . . Processor . | . . . . Hackware . | . . . . Protection 1 | . . 1 . Artifact . | . . . . Weapon 8 | 3 2 3 . Energy Gun 1 | . . 1 . Energy Cannon 1 | . 1 . . Ballistic Gun 5 | 3 . 2 . Ballistic Cannon . | . . . . Launcher 1 | . 1 . . Special Weapon . | . . . . Impact Weapon . | . . . . Slashing Weapon . | . . . . Piercing Weapon . | . . . . Special Melee Weapon . | . . . . Unidentified Prototypes . | . . . . Parts Lost 6 | . 1 3 2 Power . | . . . . Propulsion 3 | . . 1 2 Utility 1 | . . 1 . Weapon 2 | . 1 1 . Highest Loss Streak 2 | . 1 2 2 To Critical Strikes 1 | . . 1 . Average Backups 13 | 3 13 15 14 Power 1 | . 1 1 1 Propulsion . | . . . 3 Utility 5 | . 5 5 4 Weapon 5 | 1 5 5 5 Tool/Special . | . . . . Unused Backups 16 | . 2 3 11 Power 1 | . . . 1 Propulsion 3 | . 1 . 2 Utility 6 | . . 2 4 Weapon 5 | . 1 1 3 Tool/Special 1 | . . . 1 Average Slot Usage (%) 97 | . 99 94 97 Engine 14 | . 14 14 14 Treads 21 | . 27 16 8 Wheel 4 | . . 8 8 Device 12 | . 14 11 14 Storage 14 | . 14 14 14 Energy Gun 2 | . . 4 . Energy Cannon 2 | . 4 1 . Ballistic Gun 21 | . 23 20 14 Peak Build Rating 11 | 7 11 11 10 Average Rating 8 | 6 8 8 9 On Entrance 6 | . 7 10 9 Naked Turns . | . . . . Heaviest Build 32 | 15 32 29 28 Greatest Support 40 | 40 40 40 10 Greatest Overweight (x) 2 | . . 2 2 Average Overweight (x) . | . . 1 2 Largest Inventory Capacity 15 | 8 15 15 15 Average Capacity 13 | 7 13 15 15 Most Carried 15 | 7 15 15 15 Average Carried 13 | 3 13 14 14 Final Capacity 15 | 8 15 15 15 Final Carried 15 | 7 15 15 13 Class Distribution -------------------- 64% | Mutant 35% | Scavenger-Mutant Dominant Class ---------------- Mutant | -10/Materials Scavenger-Mutant | -10/Mines Scavenger-Mutant | -10/Exiles Resources | -11 -10 -10 -10 ----------- Run | Yrd Mat Min Exi Matter Collected 1183 | 352 469 362 . Remotely . | . . . . Salvage Created 946 | 165 488 277 16 Parts 79 | 20 39 20 . Haulers Intercepted 1 | . 1 . . Recyclers Shooed 1 | . 1 . . Parts Field Recycled . | . . . . Retrieved Matter . | . . . . Parts Self-Destructed . | . . . . Prevented . | . . . . Kills | -11 -10 -10 -10 ------- Run | Yrd Mat Min Exi Combat Hostiles Destroyed 21 | . 15 4 2 Guns 15 | . 11 4 . Cannons 2 | . 2 . . AOE 4 | . 2 . 2 Classes Destroyed 11 | 3 7 . 1 Worker 1 | 1 . . . Builder 1 | . 1 . . Tunneler 10 | 5 1 4 . Hauler 1 | . 1 . . Recycler 2 | 1 . 1 . Mechanic 1 | . 1 . . Operator 1 | . 1 . . Watcher 3 | . 3 . . Swarmer 10 | . 9 1 . Grunt 8 | . 6 2 . Assembled 2 | . . . 2 Best Kill Streak 7 | 2 7 2 2 Combat Bots Only 5 | . 5 1 2 Max Kills in Single Turn 2 | 1 2 1 1 Gunslinging 1 | . 1 . . Exploded 1 | . 1 . 1 Melee . | . . . . Uniques/NPCs Destroyed 1 | . . 1 . 8R-AWN (-10/Mines) Combat | -11 -10 -10 -10 -------- Run | Yrd Mat Min Exi Hostile Shots Fired 116 | . 83 23 10 Missed 17 | . 11 4 2 Hits 99 | . 72 19 8 Projectile 99 | . 72 19 8 AOE 18 | . . 18 . Critical Strikes 4 | . 1 3 . Damage Taken 1523 | . 776 620 127 Core 261 | . 90 96 75 Absorbed by Shields . | . . . . Regen/Repaired (Parts) 176 | . 176 . . Core Remaining (%) 100 | 100 . . . Volleys Fired 123 | 12 49 56 6 Largest 2 | 2 2 2 2 Hottest 88 | 40 88 68 50 Shots Fired 227 | 24 95 96 12 Gun 202 | 24 84 88 6 Cannon 17 | . 9 8 . Launcher 8 | . 2 . 6 Special . | . . . . Kinetic 182 | 24 84 68 6 Thermal 37 | . 9 28 . Explosive 8 | . 2 . 6 Electromagnetic . | . . . . Robot Hit Streak 12 | 5 7 12 . Robot Miss Streak 4 | 2 4 4 . Penetration Max . | . . . . Secondary Targets 3 | . 3 . . Max Gunslinging Chain 1 | . 1 . . Shots Hit Robots 136 | 15 59 62 . Core Hits 71 | 8 31 28 4 Critical Kills . | . . . . Critical Parts Destroyed 1 | . 1 . . Critical Strikes 1 | . 1 . . Destroy 1 | . 1 . . Melee Attacks . | . . . . Impact . | . . . . Slashing . | . . . . Piercing . | . . . . Sneak Attacks . | . . . . Combat Hostiles . | . . . . Follow-up Attacks . | . . . . Damage Inflicted 2001 | 189 1019 630 163 Guns 1443 | 189 686 568 . Cannons 142 | . 80 62 . Explosions 399 | . 236 . 163 Melee . | . . . . Ramming 17 | . 17 . . Kinetic 1291 | 189 686 416 . Thermal 294 | . 80 214 . Explosive 399 | . 236 . 163 Electromagnetic . | . . . . Impact . | . . . . Slashing . | . . . . Piercing . | . . . . Highest Corruption . | . . . . Average Corruption . | . . . . Corruption Purged . | . . . . Corruption Blocked . | . . . . Overload Shots . | . . . . Overflow Damage 48 | . 45 . 3 Projectiles . | . . . . Explosions 48 | . 45 . 3 Melee . | . . . . Knockbacks 1 | . 1 . . Impact 1 | . 1 . . Kinetic . | . . . . Secondary . | . . . . Self-Inflicted Damage 36 | . 36 . . Shots 1 | . 1 . . Rammed 3 | . 3 . . Targets Rammed 3 | . 3 . . Kicked . | . . . . Crushed . | . . . . Highest Temperature 224 | . 135 224 20 Average Temperature 43 | . 38 52 9 Received Heat Transfer 309 | . 240 69 . Siege Activations . | . . . . Martial Activations . | . . . . Shielding Activations . | . . . . Robots Disrupted . | . . . . Combat Hostiles . | . . . . Robots Corrupted . | . . . . Combat Hostiles . | . . . . Parts Fried . | . . . . Impact Corruptions . | . . . . Robots Melted . | . . . . Combat Hostiles . | . . . . Parts Melted . | . . . . Heat Transferred 590 | . 148 442 . Parts Sabotaged . | . . . . Parts Stolen . | . . . . Parts Stripped . | . . . . Power Chain Reactions . | . . . . Alert | -11 -10 -10 -10 ------- Run | Yrd Mat Min Exi Maximum Alert Level 1 | . 1 . . Low Security (%) 97 | 100 95 100 . Level 1 2 | . 4 . . Level 2 . | . . . . Level 3 . | . . . . Level 4 . | . . . . Level 5 . | . . . . High Security . | . . . . Max Security . | . . . . Peak Influence 212 | 10 212 88 . Initial 79 | . . 79 . Average 46 | 1 71 28 . Influence Increases 955 | 35 595 325 . Destroy 0b10 Robot/C 460 | . 300 160 . Destroy 0b10 Robot/NC 100 | 35 40 25 . Destroy Leader 98 | . 58 40 . Allied During Kill 25 | . . 25 . Successful Hack 58 | . 58 . . Select Force Hacks 60 | . 60 . . Disable Machine 30 | . 30 . . Destroy Structure 19 | . 19 . . Lose Combat Pursuer 105 | . 30 75 . Influence Decreases 955 | 35 391 529 . Entered New Map 125 | . . 125 . Time Decay 795 | 35 381 379 . Lost Part 15 | . 10 5 . Lost Ally 20 | . . 20 . Squads Dispatched 3 | . 3 . . Investigation 2 | . 2 . . Extermination . | . . . . Reinforcement 1 | . 1 . . Assault . | . . . . Garrison . | . . . . Intercept . | . . . . Searches Triggered . | . . . . Construction Impeded . | . . . . Haulers Reinforced . | . . . . Active Scanning Responses . | . . . . Cargo Convoy Interrupts . | . . . . Stealth | -11 -10 -10 -10 --------- Run | Yrd Mat Min Exi Distress Signals . | . . . . Communications Jammed . | . . . . Distress Signals . | . . . . Times Spotted 47 | . 26 18 3 Peak Tracking Total 8 | . 4 3 8 Tactical Retreats 7 | . 2 5 . Traps | -11 -10 -10 -10 ------- Run | Yrd Mat Min Exi Traps Triggered 2 | . 2 . . Indirectly . | . . . . Trap Hack Attempts . | . . . . Triggered . | . . . . Disarmed . | . . . . Reprogrammed . | . . . . Reused . | . . . . Traps Extracted . | . . . . Installed . | . . . . Triggered . | . . . . Machines | -11 -10 -10 -10 ---------- Run | Yrd Mat Min Exi Machines Disabled 2 | . 2 . . Max in Single Turn 1 | . 1 . . Machines Repaired . | . . . . Machines Dismantled . | . . . . Machines Sabotaged . | . . . . Overloaded Fab Kills . | . . . . Hacking | -11 -10 -10 -10 --------- Run | Yrd Mat Min Exi Machines Accessed 11 | . 11 . . Terminals 8 | . 8 . . Fabricators . | . . . . Repair Stations 1 | . 1 . . Recycling Units 2 | . 2 . . Scanalyzers . | . . . . Garrison Access . | . . . . Total Hacks 31 | . 31 . . Successful 19 | . 19 . . Failed 12 | . 12 . . Catastrophic 1 | . 1 . . Database Lockouts . | . . . . Manual 20 | . 20 . . Terminals 23 | . 23 . . Fabricators . | . . . . Repair Stations 6 | . 6 . . Recycling Units 2 | . 2 . . Scanalyzers . | . . . . Garrison Access . | . . . . Terminal Hacks 3 | . 3 . . Part Schematic 1 | . 1 . . Branch Access Points 1 | . 1 . . Terminal Index 1 | . 1 . . Fabricator Hacks . | . . . . Repair Station Hacks 4 | . 4 . . Scan Component 2 | . 2 . . Repair 2 | . 2 . . Recycling Unit Hacks . | . . . . Scanalyzer . | . . . . Garrison Access Hacks . | . . . . Unauthorized Hacks 12 | . 12 . . Terminals 10 | . 10 . . Botnet 3 | . 3 . . Skim 7 | . 7 . . Fabricators . | . . . . Repair Stations . | . . . . Recycling Units 2 | . 2 . . Tunnel 2 | . 2 . . Scanalyzers . | . . . . Garrison Access . | . . . . Data Cores Recovered 1 | . 1 . . Used . | . . . . Hacking Detections 9 | . 9 . . Full Trace Events . | . . . . Feedback Events . | . . . . Feedback Blocked . | . . . . Robot Schematics Acquired . | . . . . Robots Built . | . . . . Authchips . | . . . . Time . | . . . . Total Robot Build Rating . | . . . . Part Schematics Acquired 1 | . 1 . . Parts Built . | . . . . Authchips . | . . . . Time . | . . . . Total Part Build Rating . | . . . . Parts Repaired 2 | . 2 . . Time 52 | . 52 . . Parts Recycled . | . . . . Recycled Matter . | . . . . Retrieved Matter . | . . . . Retrieved Components . | . . . . Parts Scanalyzed . | . . . . Part Schematics Acquired . | . . . . Parts Damaged . | . . . . Bothacking | -11 -10 -10 -10 ------------ Run | Yrd Mat Min Exi Used RIF Installer . | . . . . Robots Hacked . | . . . . Non-combat . | . . . . Combat . | . . . . Robot Hacks Applied . | . . . . Relay Couplers Released . | . . . . Fabnet Peak Effective % . | . . . . Robots Rewired . | . . . . Allies Hacked . | . . . . Hacks Repelled . | . . . . Allies | -11 -10 -10 -10 -------- Run | Yrd Mat Min Exi Total Allies 5 | . . 5 . Largest Group 4 | . . 4 4 Highest-Rated Group 71 | . . 71 71 Highest-Rated Ally 31 | . . 31 31 Total Orders . | . . . . Ally Attacks 24 | . . 21 3 Total Damage 300 | . . 278 22 Kills 6 | . . 5 1 Allies Corrupted . | . . . . Allies Melted . | . . . . Intel | -11 -10 -10 -10 ------- Run | Yrd Mat Min Exi Active Infowar (turns) 2836 | 136 1456 1207 37 Seismic 2836 | 136 1456 1207 37 Robot Analysis Total . | . . . . Derelict Logs Recovered 1 | . . 1 . Drone Launches . | . . . . Drone Recoveries . | . . . . Exploration | -11 -10 -10 -10 ------------- Run | Yrd Mat Min Exi Turns Passed 3180 | 225 1456 1462 37 Spaces Moved 1715 | 112 715 875 13 Core 11 | 11 . . . Treads 992 | 101 715 176 . Legs . | . . . . Wheels 712 | . . 699 13 Hover . | . . . . Flight . | . . . . Fastest Speed 50 | 50 160 110 110 Average Speed 143 | 149 160 129 110 Slowest Speed 240 | 160 160 240 110 Overloaded Moves . | . . . . Propulsion Burnouts . | . . . . Robots Hopped . | . . . . Potential Cave-ins . | . . . . Cave-ins Triggered . | . . . . Exploration Rate (%) 49 | 7 97 90 5 Regions Visited 3 Branch Regions 2 Pre-discovered Areas 5 | . 5 . . Known Exits Taken 1 | . 1 . . Unknown Exits Taken 2 | 1 . 1 . Scrap Searched 2 | . . 2 . Spaces Dug 8 | . 8 . . Terrain Destroyed 32 | . 18 . 14 Melee . | . . . . Projectile . | . . . . AOE 32 | . 18 . 14 Terrain Rammed . | . . . . Walls Destroyed . | . . . . Machines Disabled . | . . . . Actions | -11 -10 -10 -10 --------- Run | Yrd Mat Min Exi Total 2217 | 143 931 1118 25 Wait 291 | 4 126 158 3 Move 1712 | 111 714 874 13 Hop . | . . . . Pick Up 28 | 8 13 7 . Fast Attach 11 | 6 3 2 . Attach 5 | 1 1 1 2 Detach . | . . . . Swap 25 | 1 12 11 1 Drop 19 | . 10 9 . Fire 123 | 12 49 56 6 Melee . | . . . . Ram . | . . . . Kick . | . . . . Crush 3 | . 3 . . Escape Stasis . | . . . . Rewire . | . . . . Trap . | . . . . Miscellaneous . | . . . . Route ------- -11/Scrapyard -10/Materials (discovered 5 exits: *Mat x3 / *Min / Sub) -10/Mines (discovered 4 exits: *Mat x2 / [*Exi] / *Sub) -10/Exiles History --------- Turn | Location | Event 4 | -11/Scrapyard | Discovered new exit (range 14) 226 | -11/Scrapyard | Entered Materials 303 | -10/Materials | Build established: Mutant 597 | -10/Materials | Discovered new exit (range 13) 1078 | -10/Materials | Identified exit to Mines 1101 | -10/Materials | Discovered new exit (range 8) 1192 | -10/Materials | Identified exit to Materials 1239 | -10/Materials | Learned location of 2 exits from Subcaves 1275 | -10/Materials | Loaded intel: 1 repair station location 1303 | -10/Materials | Learned location of Storage (-7) 1319 | -10/Materials | Learned 4 Subcaves zone layouts 1352 | -10/Materials | Identified exit to Subcaves 1415 | -10/Materials | Repaired Lgt. Treads 1442 | -10/Materials | Repaired Assault Rifle 1682 | -10/Materials | Entered Mines 1683 | -10/Mines | Assembled infested the area 1817 | -10/Mines | Met 8R-AWN 1931 | -10/Mines | Attacked by 8R-AWN 1941 | -10/Mines | Core integrity fell below 50% 2002 | -10/Mines | Destroyed 8R-AWN 2374 | -10/Mines | Build established: Scavenger-Mutant 2448 | -10/Mines | Received a Rocket Launcher from a helpful Derelict 2489 | -10/Mines | Assisted by bots powering up and referring to "LRC-V3" 2502 | -10/Mines | Learned 2 Materials zone layouts 2693 | -10/Mines | Discovered new exit (range 5) 2714 | -10/Mines | Discovered exit to Subcaves (range 8) 3144 | -10/Mines | Entered Exiles 3144 | -10/Exiles | Accompanied by 4 allies 3144 | -10/Exiles | Attacked by the Exiles 3172 | -10/Exiles | Core integrity fell below 20% 3181 | -10/Exiles | Destroyed by as-91644 with Assembled Rifle Last Messages --------------- 02946_ Acquired Wheel. 02952_ Dropped Imp. Terrain Scanner. 02952_ Acquired Wheel. 02999_ R-06 Scavenger destroyed. 03000_ K-01 Serf collects debris. 03006_ Acquired 4 matter. 03144_ EXILES: Hostile robot within lab perimeter. Defensive protocols time, folks! LOCATION=UNKNOWN GOAL=ESCAPE 03168_ Lgt. Treads destroyed. 03169_ Wheel destroyed. 03174_ as-38968 destroyed. 03174_ Rigged Lgt. Fission Core explodes. 03174_ Trooper 1b destroyed. 03174_ UQ-9IX(g) destroyed. 03174_ Mercenary 1a destroyed. 03179_ as-52150 destroyed. 03179_ Destroyed Lgt. Nuclear Core. 03180_ Trooper 1a destroyed. Map ----- +----------------------------------------------------+ | ???????????????????????????????????????????? | | ???????????????????????????????????????????? | | ???????????????????????????????????????????? | | ???????????????????????????????????????????? | | ???????????????????????????????????????????? | | ???????????????????????????????????????????? | | ???????????????????????????????????????????? | | ???????????????????????????????????????????? | | ???????????????????????????????????????????? | | ???????????????????????????????????????????? | | ???????????????????????????????????????????? | | ???????????????????????????????????????????? | | ???????????????????????????????????????????? | | ???????????????????????????????????????????? | | ???????????????????????????????????????????? | | ?????????????????#?????????????????????????? | | ???????????????### ????????????????????????? | | ?????????????### ???????????????????????? | | ????????????# ??????????????????????? | | ???????????? ?????????????????????? | | ???????????? * ?????????????????????? | | ???????????* ????????????????????? | | ??????????? % #???????????????????? | | ??????????# a[ * ###????????????????? | | ????????????# % %! ###??????????????? | | ?????????????# =% % @ ##?????????????? | | ?????????????????#; [ #?????????????? | | ?????????????????# ;;; #?????????????? | | ?????????????????####### #?????????????? | | ??????????????????????#" ##????????????? | | ??????????????????????#### ###??????????? | | ?????????????????????????# ##?????????? | | ?????????????????????????## ###???????? | | ??????????????????????????### #???????? | | ????????????????????????????# ##???????? | | ????????????????????????????## ##????????? | | ?????????????????????????????#####?????????? | | ???????????????????????????????????????????? | | ???????????????????????????????????????????? | | ???????????????????????????????????????????? | | ???????????????????????????????????????????? | | ???????????????????????????????????????????? | | ???????????????????????????????????????????? | | ???????????????????????????????????????????? | | ???????????????????????????????????????????? | | ???????????????????????????????????????????? | | ???????????????????????????????????????????? | | ???????????????????????????????????????????? | | ???????????????????????????????????????????? | | ???????????????????????????????????????????? | +----------------------------------------------------+ Best States ------------- Heat Dissipation 25 Energy Generation 10 Energy Capacity 250 Matter Stores 300 Matter Capacity 300 Sight Range 16 Terrain Scan Density 10 Armor Coverage 150 Evasion (%) 40 Recoil Reduction 2 Item Schematics ----------------- Hcp. Storage Unit | -10/Materials | Hacked Robot Schematics ------------------ None Fabricated ------------ Nothing Repaired ---------- Lgt. Treads | 22% | -10/Materials Assault Rifle | 33% | -10/Materials Alien Tech Used ----------------- None Achievements -------------- None Challenges ------------ None Game ------ Seed AnalysisFlakGun Manual? 0 Play Time 00:21:41 Cumulative 564.4 hours Start 2025.07.23 @ 13:37:48 End 2025.07.23 @ 14:05:31 Sessions 1 Manual Loads 0 Difficulty Rogue Special Mode None Game No. 324 Rogue 299 Adventurer 7 Explorer 18 Win Type - Total 45 Types 28/0/8/2/0/1/1/3/0/2 Lore% 94 Gallery% 90 Achievement% 81 Wizard Run 0 Options --------- Layout 0 ASCII 0 Keyboard 0 Movement Numpad Keybinds 0 Fullscreen 1 Font 12/Smallcaps Map View 83x54 Zoom Use 0% Tactical HUD 1 Map Filters NONE Filters NONE Steam 1 RUN: a4c2c0a1-1cc6-4f67-ae25-63ec5115ada2